PR
TULSA OTTERS @ TWINSBURG TIGERS
09/03/2041
 
TOP OF THE 1ST
Tulsa Otters batting - Pitching for Twinsburg Tigers : RHP Tadao Ishihara
Pitching: RHP Tadao Ishihara
Batting: RHB Chad Brown 0-0: Called Strike
0-1: Fly out, F9 (Flyball, 9S, EV 83.1 MPH)
Batting: LHB Alfredo Júlio 0-0: Fly out, F7 (Flyball, 7LD, EV 106.9 MPH)
Batting: LHB Cisco Gracía 0-0: Ball
1-0: SOLO HOME RUN (Flyball, 7LD, EV 95.0 MPH), Distance : 338 ft
Batting: LHB Andrew Gray 0-0: Ball
1-0: Ground out 4-3 (Groundball, 34, EV 115.6 MPH)
Top of the 1st over - 1 run, 1 hit, 0 errors, 0 left on base; Tulsa 1 - Twinsburg 0
BOTTOM OF THE 1ST
Twinsburg Tigers batting - Pitching for Tulsa Otters : RHP Mario Rosales
Pitching: RHP Mario Rosales
Batting: RHB Alex Kelley 0-0: Ball
1-0: Called Strike
1-1: SINGLE (Line Drive, 6D, EV 94.4 MPH)
Batting: RHB Hun-hyeon Kang 0-0: Ball
1-0: Ball
2-0: Ball
3-0: Base on Balls
Alex Kelley to second
Batting: LHB Ray Winters 0-0: Ball
1-0: Ball
2-0: Foul Ball, location: 2F
2-1: Ball
3-1: Swinging Strike
3-2: TRIPLE (Flyball, 8LXD, EV 105.0 MPH)
Alex Kelley scores
Hun-hyeon Kang scores
Batting: RHB Raúl Rosa 0-0: Called Strike
0-1: SINGLE (Line Drive, 89S, EV 87.5 MPH)
Ray Winters scores
Batting: LHB Bill Wilson 0-0: Foul Ball, location: 2F
0-1: Ball
1-1: Ball
2-1: Ball
3-1: Called Strike
3-2: Grounds into double play, 4-6-3 (Groundball, 4, EV 98.8 MPH)
Batting: RHB Ramón Suzuarregui 0-0: Ball
1-0: Called Strike
1-1: Ball
2-1: Called Strike
2-2: SINGLE (Groundball, 15S, EV 72.5 MPH) (infield hit)
Batting: LHB Jorge Hernández 0-0: Ball
1-0: Ball
2-0: Ball
3-0: Base on Balls
Ramón Suzuarregui to second
Batting: RHB Henry McLaughlin 0-0: Foul Ball, location: 2F
0-1: Ground out 6-3 (Groundball, 6S, EV 82.5 MPH)
Bottom of the 1st over - 3 runs, 4 hits, 0 errors, 2 left on base; Tulsa 1 - Twinsburg 3
TOP OF THE 2ND
Tulsa Otters batting - Pitching for Twinsburg Tigers : RHP Tadao Ishihara
Batting: RHB Jason Pruitt 0-0: SINGLE (Groundball, 56S, EV 66.2 MPH) (infield hit)
Batting: RHB Joe Goff 0-0: SINGLE (Line Drive, 4M, EV 94.4 MPH)
Jason Pruitt to second
Batting: LHB Andrew O'Reilly 0-0: Called Strike
0-1: Ball
1-1: Foul Ball, location: 2F
1-2: Ball
2-2: Fly out, F7 (Flyball, 7LS, EV 85.6 MPH)
Batting: RHB Millard King 0-0: Called Strike
0-1: DOUBLE (Flyball, 89XD, EV 98.1 MPH)
Jason Pruitt scores
Joe Goff to third
Runner from 3rd tries for Home, SAFE, throw by CF to trailing runner, OUT at third! 8-4-5
Batting: RHB Kevin Jackson 0-0: Foul Ball, location: 2F
0-1: SINGLE (Groundball, 56D, EV 103.1 MPH)
Batting: RHB Chad Brown 0-0: Ball
1-0: Swinging Strike
1-1: Ground out 4-3 (Groundball, 4, EV 90.0 MPH)
Top of the 2nd over - 2 runs, 4 hits, 0 errors, 1 left on base; Tulsa 3 - Twinsburg 3
BOTTOM OF THE 2ND
Twinsburg Tigers batting - Pitching for Tulsa Otters : RHP Mario Rosales
Batting: SHB Sherwin Tacod 0-0: Called Strike
0-1: Ball
1-1: Ball
2-1: Ball
3-1: Foul Ball, location: 2F
3-2: Fly out, F9 (Flyball, 9S, EV 81.9 MPH)
Batting: RHB Alex Kelley 0-0: Ball
1-0: Ball
2-0: Foul Ball, location: 2F
2-1: Foul Ball, location: 2F
2-2: Ball
3-2: Ground out 5-3 (Groundball, 56S, EV 66.2 MPH)
Batting: RHB Hun-hyeon Kang 0-0: Called Strike
0-1: Foul Ball, location: 2F
0-2: Ball
1-2: Foul Ball, location: 2F
1-2: Ball
2-2: Foul Ball, location: 2F
2-2: Foul Ball, location: 2F
2-2: Strikes out swinging
Bottom of the 2nd over - 0 runs, 0 hits, 0 errors, 0 left on base; Tulsa 3 - Twinsburg 3
TOP OF THE 3RD
Tulsa Otters batting - Pitching for Twinsburg Tigers : RHP Tadao Ishihara
Batting: LHB Alfredo Júlio 0-0: Ball
1-0: Ball
2-0: Called Strike
2-1: Fly out, F8 (Flyball, 78D, EV 108.8 MPH)
Batting: LHB Cisco Gracía 0-0: Ball
1-0: Ball
2-0: Called Strike
2-1: Ball
3-1: Swinging Strike
3-2: Fly out, F4 (Popup, 4S, EV 83.1 MPH)
Batting: LHB Andrew Gray 0-0: Ball
1-0: Ball
2-0: Ball
3-0: Called Strike
3-1: Base on Balls
Batting: RHB Jason Pruitt 0-0: Ball
Passed Ball!
Andrew Gray to second
1-0: Called Strike
1-1: Foul Ball, location: 2F
1-2: Ball
2-2: Foul Ball, location: 2F
2-2: Foul Ball, location: 2F
2-2: Ball
3-2: Base on Balls
Batting: RHB Joe Goff 0-0: Ball
1-0: Called Strike
1-1: Ground out 4-3 (Groundball, 34, EV 103.1 MPH)
Top of the 3rd over - 0 runs, 0 hits, 0 errors, 2 left on base; Tulsa 3 - Twinsburg 3
BOTTOM OF THE 3RD
Twinsburg Tigers batting - Pitching for Tulsa Otters : RHP Mario Rosales
Batting: LHB Ray Winters 0-0: Fly out, F4 (Popup, 4MD, EV 55.6 MPH)
Batting: RHB Raúl Rosa 0-0: Foul Ball, location: 2F
0-1: Foul Ball, location: 2F
0-2: Ball
1-2: Ground out 5-3 (Groundball, 56, EV 88.8 MPH)
Batting: LHB Bill Wilson 0-0: Called Strike
0-1: Ball
1-1: Ball
2-1: Called Strike
2-2: Ball
3-2: Foul Ball, location: 2F
3-2: Base on Balls
Batting: RHB Ramón Suzuarregui 0-0: Called Strike
0-1: Swinging Strike
0-2: Foul Ball, location: 2F
0-2: Ball
1-2: Ball
2-2: Foul Ball, location: 2F
2-2: SINGLE (Line Drive, 6M, EV 96.9 MPH)
Bill Wilson to second
Batting: LHB Jorge Hernández 0-0: Ball
1-0: Ball
2-0: Foul Ball, location: 2F
2-1: Foul Ball, location: 2F
2-2: Ball
3-2: Foul Ball, location: 2F
3-2: Base on Balls
Bill Wilson to third
Ramón Suzuarregui to second
Batting: RHB Henry McLaughlin 0-0: Ball
1-0: Called Strike
1-1: Foul Ball, location: 2F
1-2: Fly out, F8 (Flyball, 8LD, EV 86.2 MPH)
Bottom of the 3rd over - 0 runs, 1 hit, 0 errors, 3 left on base; Tulsa 3 - Twinsburg 3
TOP OF THE 4TH
Tulsa Otters batting - Pitching for Twinsburg Tigers : RHP Tadao Ishihara
Batting: LHB Andrew O'Reilly 0-0: Foul Ball, location: 2F
0-1: Ball
1-1: Swinging Strike
1-2: Strikes out swinging
Batting: RHB Millard King 0-0: Foul Ball, location: 2F
0-1: Foul Ball, location: 2F
0-2: Foul Ball, location: 2F
0-2: Ball
1-2: Foul Ball, location: 2F
1-2: Ball
2-2: Foul Ball, location: 2F
2-2: Fly out, F7 (Flyball, 78XD, EV 94.4 MPH)
Batting: RHB Kevin Jackson 0-0: Ball
1-0: Ball
2-0: Foul Ball, location: 2F
2-1: Swinging Strike
2-2: Ground out 1-3 (Groundball, 15, EV 87.5 MPH)
Top of the 4th over - 0 runs, 0 hits, 0 errors, 0 left on base; Tulsa 3 - Twinsburg 3
BOTTOM OF THE 4TH
Twinsburg Tigers batting - Pitching for Tulsa Otters : RHP Mario Rosales
Batting: SHB Sherwin Tacod 0-0: Called Strike
0-1: Called Strike
0-2: Foul Ball, location: 2F
0-2: Foul Ball, location: 2F
0-2: Ball
1-2: Strikes out swinging
Batting: RHB Alex Kelley 0-0: Foul Ball, location: 2F
0-1: Ball
1-1: Foul Ball, location: 2F
1-2: Ball
2-2: Strikes out swinging
Batting: RHB Hun-hyeon Kang 0-0: Ball
1-0: Foul Ball, location: 2F
1-1: SINGLE (Groundball, 4D, EV 105.6 MPH)
Batting: LHB Ray Winters 0-0: Swinging Strike
0-1: Foul Ball, location: 2F
0-2: Ball
1-2: Ball
2-2: Foul Ball, location: 2F
2-2: Ball
3-2: Foul Ball, location: 2F
3-2: Foul Ball, location: 2F
3-2: Foul Ball, location: 2F
3-2: Strikes out swinging
Bottom of the 4th over - 0 runs, 1 hit, 0 errors, 1 left on base; Tulsa 3 - Twinsburg 3
TOP OF THE 5TH
Tulsa Otters batting - Pitching for Twinsburg Tigers : RHP Tadao Ishihara
Batting: RHB Chad Brown 0-0: Foul Ball, location: 2F
0-1: Swinging Strike
0-2: Ball
1-2: Ground out 6-3 (Groundball, 56, EV 78.1 MPH)
Batting: LHB Alfredo Júlio 0-0: Called Strike
0-1: Ground out 4-3 (Groundball, 34, EV 108.1 MPH)
Batting: LHB Cisco Gracía 0-0: Foul Ball, location: 2F
0-1: Foul Ball, location: 2F
0-2: Ball
1-2: Ball
2-2: Foul Ball, location: 2F
2-2: Ball
3-2: Strikes out swinging
Top of the 5th over - 0 runs, 0 hits, 0 errors, 0 left on base; Tulsa 3 - Twinsburg 3
BOTTOM OF THE 5TH
Twinsburg Tigers batting - Pitching for Tulsa Otters : RHP Mario Rosales
Pitching: LHP Markus Magee
Batting: RHB Raúl Rosa 0-0: Called Strike
0-1: Foul Ball, location: 2F
0-2: Ball
1-2: Foul Ball, location: 2F
1-2: Ball
2-2: Strikes out swinging, 2-3 out at first.
Batting: LHB Bill Wilson 0-0: Foul Ball, location: 2F
0-1: Foul Ball, location: 2F
0-2: Ball
1-2: Ball
2-2: Foul Ball, location: 2F
2-2: DOUBLE (Line Drive, 78M, EV 106.9 MPH)
Batting: RHB Ramón Suzuarregui 0-0: Ball
1-0: Ball
2-0: Ground out 5-3 (Groundball, 5S, EV 84.4 MPH)
Batting: LHB Jorge Hernández 0-0: Called Strike
0-1: Foul Ball, location: 2F
0-2: Strikes out swinging
Bottom of the 5th over - 0 runs, 1 hit, 0 errors, 1 left on base; Tulsa 3 - Twinsburg 3
TOP OF THE 6TH
Tulsa Otters batting - Pitching for Twinsburg Tigers : RHP Tadao Ishihara
Pitching: RHP Saadat Eristov
Batting: LHB Andrew Gray 0-0: Ball
1-0: Called Strike
1-1: Swinging Strike
1-2: Foul Ball, location: 2F
1-2: Foul Ball, location: 2F
1-2: Strikes out swinging
Batting: RHB Jason Pruitt 0-0: Called Strike
0-1: Swinging Strike
0-2: Ground out 5-3 (Groundball, 56S, EV 90.6 MPH)
Batting: RHB Joe Goff 0-0: Ball
1-0: Reached on error, E2 (Groundball, 2L, EV 43.8 MPH)
Batting: LHB Andrew O'Reilly 0-0: Ball
1-0: Ball
Passed Ball!
Joe Goff to third
2-0: 2-RUN HOME RUN (Line Drive, 89XD, EV 105.0 MPH) (Inside the Park)
Batting: RHB Millard King 0-0: Ground out 4-3 (Groundball, 4, EV 88.1 MPH)
Top of the 6th over - 2 runs, 1 hit, 1 error, 0 left on base; Tulsa 5 - Twinsburg 3
BOTTOM OF THE 6TH
Twinsburg Tigers batting - Pitching for Tulsa Otters : LHP Markus Magee
Batting: RHB Henry McLaughlin 0-0: Ball
1-0: Ball
2-0: Called Strike
2-1: Ball
3-1: Base on Balls
Batting: SHB Sherwin Tacod 0-0: Ball
1-0: Ball
2-0: Ball
3-0: Called Strike
3-1: Called Strike
3-2: Base on Balls
Henry McLaughlin to second
Batting: RHB Alex Kelley 0-0: Called Strike
0-1: Foul Ball, location: 2F
0-2: Foul Ball, location: 2F
0-2: Fly out, F8 (Flyball, 8RS, EV 91.9 MPH)
Batting: RHB Hun-hyeon Kang 0-0: Reached on error, E6 (Groundball, 56, EV 96.2 MPH)
Henry McLaughlin to third
Sherwin Tacod to second
Batting: LHB Ray Winters 0-0: Foul Ball, location: 2F
0-1: Swinging Strike
0-2: Ball
1-2: Strikes out swinging
Batting: RHB Raúl Rosa 0-0: SINGLE (Line Drive, 8LS, EV 91.9 MPH)
Henry McLaughlin scores
Sherwin Tacod to third
Hun-hyeon Kang to second
Runner from 3rd tries for Home, SAFE, no throw by CF
Pinch Runner at 2nd Vicente Zanga:
Batting: LHB Bill Wilson 0-0: Called Strike
0-1: Swinging Strike
0-2: Foul Ball, location: 2F
0-2: Foul Ball, location: 2F
0-2: Fly out, F7 (Flyball, 78D, EV 103.1 MPH)
Bottom of the 6th over - 2 runs, 1 hit, 1 error, 2 left on base; Tulsa 5 - Twinsburg 5
TOP OF THE 7TH
Tulsa Otters batting - Pitching for Twinsburg Tigers : RHP Saadat Eristov
Pitching: RHP Emery William
Now at SS: Jacob Gray
Batting: RHB Kevin Jackson 0-0: Ball
1-0: Ball
2-0: Ball
3-0: Called Strike
3-1: Base on Balls
Pitching: RHP Héctor Villegas
Batting: RHB Chad Brown 0-0: TRIPLE (Line Drive, 89XD, EV 104.4 MPH)
Kevin Jackson scores
Batting: LHB Alfredo Júlio 0-0: SINGLE (Groundball, 4, EV 87.5 MPH) (infield hit)
Chad Brown scores
Batting: LHB Cisco Gracía 0-0: Called Strike
0-1: Ball
1-1: Ball
Wild Pitch!
Alfredo Júlio to second
2-1: Fly out, F8 (Flyball, 89XD, EV 111.9 MPH)
Runner from 2nd tags up, SAFE at 3rd, no throw by CF
Batting: LHB Andrew Gray 0-0: Fly out, F7 (Flyball, 78M, EV 93.1 MPH)
Runner from 3rd tags up, OUT at HOME! 7-2
Top of the 7th over - 2 runs, 2 hits, 0 errors, 0 left on base; Tulsa 7 - Twinsburg 5
BOTTOM OF THE 7TH
Twinsburg Tigers batting - Pitching for Tulsa Otters : LHP Markus Magee
Batting: RHB Ramón Suzuarregui 0-0: Called Strike
0-1: Called Strike
0-2: Foul Ball, location: 2F
0-2: Ball
1-2: Ball
2-2: Ball
3-2: Foul Ball, location: 2F
3-2: Foul Ball, location: 2F
3-2: Strikes out looking
Batting: LHB Jorge Hernández 0-0: Fly out, F6 (Popup, 6, EV 75.0 MPH)
Batting: RHB Henry McLaughlin 0-0: Fly out, F8 (Flyball, 8LD, EV 101.2 MPH)
Bottom of the 7th over - 0 runs, 0 hits, 0 errors, 0 left on base; Tulsa 7 - Twinsburg 5
TOP OF THE 8TH
Tulsa Otters batting - Pitching for Twinsburg Tigers : RHP Héctor Villegas
Batting: RHB Jason Pruitt 0-0: Called Strike
0-1: Foul Ball, location: 2F
0-2: Foul Ball, location: 2F
0-2: Ground out 5-3 (Groundball, 5, EV 106.2 MPH)
Batting: RHB Joe Goff 0-0: Ball
1-0: Ball
2-0: SINGLE (Line Drive, 34D, EV 98.1 MPH)
Batting: LHB Andrew O'Reilly 0-0: Swinging Strike
0-1: Ball
1-1: Ground out 4-3 (Groundball, 34, EV 100.0 MPH)
Joe Goff to second
Batting: RHB Millard King 0-0: Ground out 4-3 (Groundball, 4, EV 97.5 MPH)
Top of the 8th over - 0 runs, 1 hit, 0 errors, 1 left on base; Tulsa 7 - Twinsburg 5
BOTTOM OF THE 8TH
Twinsburg Tigers batting - Pitching for Tulsa Otters : LHP Markus Magee
Now at 1B: Ricardo Dávila
Batting: SHB Sherwin Tacod 0-0: Ball
1-0: Fly out, F9 (Flyball, 9, EV 91.9 MPH)
Batting: RHB Alex Kelley 0-0: Ground out 1-3 (Groundball, 15, EV 88.1 MPH)
Batting: RHB Jacob Gray 0-0: Called Strike
0-1: SINGLE (Groundball, 6M, EV 80.6 MPH) (infield hit)
Pitching: RHP Manuel García
Now at 1B: Karl Monks
Batting: LHB Ray Winters 0-0: Swinging Strike
0-1: Ball
1-1: Ball
2-1: Foul Ball, location: 2F
2-2: Strikes out swinging
Bottom of the 8th over - 0 runs, 1 hit, 0 errors, 1 left on base; Tulsa 7 - Twinsburg 5
TOP OF THE 9TH
Tulsa Otters batting - Pitching for Twinsburg Tigers : RHP Héctor Villegas
Batting: RHB Kevin Jackson 0-0: Ball
1-0: Called Strike
1-1: Ball
2-1: Foul Ball, location: 2F
2-2: Strikes out swinging
Batting: RHB Chad Brown 0-0: Swinging Strike
0-1: Foul Ball, location: 2F
0-2: Ball
1-2: Foul Ball, location: 2F
1-2: Ground out 6-3 (Groundball, 6, EV 100.6 MPH)
Batting: LHB Alfredo Júlio 0-0: Foul Ball, location: 2F
0-1: Ball
1-1: DOUBLE (Flyball, 8RD, EV 108.1 MPH)
Batting: LHB Cisco Gracía 0-0: Ball
1-0: Ball
2-0: Called Strike
2-1: SINGLE (Flyball, 9LS, EV 87.5 MPH)
Alfredo Júlio to third
Runner from 3rd tries for Home, SAFE, throw by RF to home
Cisco Gracía to second
Batting: RHB Ricardo Dávila 0-0: Ball
1-0: Swinging Strike
Passed Ball!
Cisco Gracía to third
1-1: Foul Ball, location: 2F
1-2: Strikes out swinging
Top of the 9th over - 1 run, 2 hits, 0 errors, 1 left on base; Tulsa 8 - Twinsburg 5
BOTTOM OF THE 9TH
Twinsburg Tigers batting - Pitching for Tulsa Otters : RHP Manuel García
Pitching: RHP Drees de Lijser
Now in RF: António López
Batting: RHB Raúl Rosa 0-0: Called Strike
0-1: Foul Ball, location: 2F
0-2: Foul Ball, location: 2F
0-2: Ball
1-2: Ball
2-2: SINGLE (Groundball, 25, EV 68.1 MPH) (infield hit)
Batting: LHB Bill Wilson 0-0: Ball
1-0: Ball
2-0: Ball
3-0: Base on Balls
Raúl Rosa to second
Batting: RHB Ramón Suzuarregui 0-0: Called Strike
0-1: Ball
1-1: Foul Ball, location: 2F
1-2: Foul Ball, location: 2F
1-2: Ball
2-2: DOUBLE (Line Drive, 78D, EV 100.6 MPH)
Raúl Rosa scores
Bill Wilson to third
Batting: LHB Jorge Hernández 0-0: Foul Ball, location: 2F
0-1: Called Strike
0-2: Foul Ball, location: 2F
0-2: Ball
1-2: Ball
2-2: Strikes out swinging
Pinch Hitting: LHB Ole Geenen 0-0: Ball
1-0: Called Strike
1-1: Foul Ball, location: 2F
1-2: Ground out 5-3 (Groundball, 56S, EV 77.5 MPH)
Bill Wilson scores
Batting: SHB Sherwin Tacod 0-0: SINGLE (Groundball, 34D, EV 102.5 MPH)
Ramón Suzuarregui to third
Runner from 3rd tries for Home, SAFE, throw by RF to home
Sherwin Tacod to second
Batting: RHB Alex Kelley 0-0: Foul Ball, location: 2F
0-1: Fly out, F2 (Popup, 23F, EV 80.6 MPH)
Bottom of the 9th over - 3 runs, 3 hits, 0 errors, 1 left on base; Tulsa 8 - Twinsburg 8
TOP OF THE 10TH
Tulsa Otters batting - Pitching for Twinsburg Tigers : RHP Héctor Villegas
Now in LF: António Martínez
Batting: RHB Jason Pruitt 0-0: Foul Ball, location: 2F
0-1: Swinging Strike
0-2: SINGLE (Line Drive, 89S, EV 101.2 MPH)
Batting: RHB Joe Goff 0-0: Sac Bunt to 2L - play at first, batter OUT! 2-4
Jason Pruitt to second
Batting: LHB Karl Monks 0-0: Ball
1-0: Ball
2-0: Ball
3-0: Base on Balls
Batting: RHB Millard King 0-0: Swinging Strike
0-1: Swinging Strike
0-2: Ball
1-2: Strikes out swinging
Batting: RHB Kevin Jackson 0-0: Ball
1-0: Ball
2-0: Called Strike
2-1: Fielders Choice at 2nd, 6-4 (Groundball, 6, EV 100.0 MPH)
Top of the 10th over - 0 runs, 1 hit, 0 errors, 2 left on base; Tulsa 8 - Twinsburg 8
BOTTOM OF THE 10TH
Twinsburg Tigers batting - Pitching for Tulsa Otters : RHP Drees de Lijser
Batting: RHB Jacob Gray 0-0: Fly out, F8 (Line Drive, 8LD, EV 91.9 MPH)
Batting: LHB Ray Winters 0-0: Swinging Strike
0-1: Ball
1-1: Ball
2-1: Called Strike
2-2: Strikes out swinging
Batting: RHB Raúl Rosa 0-0: Ball
1-0: Fly out, F7 (Line Drive, 7, EV 88.8 MPH)
Bottom of the 10th over - 0 runs, 0 hits, 0 errors, 0 left on base; Tulsa 8 - Twinsburg 8
TOP OF THE 11TH
Tulsa Otters batting - Pitching for Twinsburg Tigers : RHP Héctor Villegas
Batting: RHB Chad Brown 0-0: Ball
1-0: Ball
2-0: Called Strike
2-1: Ball
3-1: Base on Balls
Batting: RHB António López 0-0: Ball
1-0: Called Strike
1-1: DOUBLE (Line Drive, 8RXD, EV 112.5 MPH)
Chad Brown to third
Batting: LHB Cisco Gracía 0-0: Intentional Walk
Pitching: RHP Raúl Nieves
Pinch Hitting: LHB Mike Reynolds 0-0: Fly out, F8 (Flyball, 8LS, EV 86.2 MPH)
Batting: RHB Jason Pruitt 0-0: Ball
1-0: Ball
2-0: Ball
3-0: Called Strike
3-1: SINGLE (Groundball, 5, EV 103.8 MPH) (infield hit)
Chad Brown scores
António López to third
Cisco Gracía to second
Batting: RHB Joe Goff 0-0: Foul Ball, location: 2F
0-1: Foul Ball, location: 2F
0-2: DOUBLE (Groundball, 5L, EV 101.2 MPH)
António López scores
Cisco Gracía scores
Jason Pruitt to third
Batting: LHB Karl Monks 0-0: Called Strike
0-1: Ball
1-1: Ball
Passed Ball!
Jason Pruitt scores
Joe Goff to third
2-1: Ball
3-1: Base on Balls
Batting: RHB Millard King 0-0: Ball
1-0: Ball
2-0: Called Strike
2-1: SINGLE (Groundball, 56D, EV 106.2 MPH)
Joe Goff scores
Karl Monks to second
Batting: RHB Kevin Jackson 0-0: Swinging Strike
0-1: Ball
1-1: Called Strike
1-2: Foul Ball, location: 2F
1-2: Ball
2-2: Strikes out looking
Batting: RHB Chad Brown 0-0: Ball
1-0: Fly out, F8 (Flyball, 78D, EV 92.5 MPH)
Top of the 11th over - 5 runs, 4 hits, 0 errors, 2 left on base; Tulsa 13 - Twinsburg 8
BOTTOM OF THE 11TH
Twinsburg Tigers batting - Pitching for Tulsa Otters : RHP Drees de Lijser
Now at 3B: Terry Baker
Batting: LHB Bill Wilson 0-0: Ground out 4-3 (Groundball, 4, EV 82.5 MPH)
Batting: RHB Ramón Suzuarregui 0-0: Foul Ball, location: 2F
0-1: Ball
1-1: SINGLE (Groundball, 4MD, EV 96.2 MPH)
Pitching: LHP Sancho Altagracia
Batting: LHB Jorge Hernández 0-0: Foul Ball, location: 2F
0-1: Ball
1-1: DOUBLE (Line Drive, 89D, EV 108.1 MPH)
Ramón Suzuarregui to third
Batting: RHB António Martínez 0-0: Called Strike
0-1: Ball
1-1: Swinging Strike
1-2: Ball
2-2: Strikes out swinging
Batting: SHB Sherwin Tacod 0-0: Ball
1-0: Foul Ball, location: 2F
1-1: 3-RUN HOME RUN (Flyball, 7D, EV 99.4 MPH), Distance : 371 ft
Batting: RHB Alex Kelley 0-0: Ball
1-0: SINGLE (Groundball, 56, EV 80.0 MPH) (infield hit)
Pinch Runner at 1st António del Pozo:
Batting: RHB Jacob Gray 0-0: Ball
1-0: SINGLE (Groundball, 6MD, EV 96.2 MPH)
António del Pozo to second
Pinch Runner at 2nd Joe Jackson:
Batting: LHB Ray Winters 0-0: Ball
1-0: Called Strike
1-1: Called Strike
1-2: Foul Ball, location: 2F
1-2: Strikes out swinging
Bottom of the 11th over - 3 runs, 5 hits, 0 errors, 2 left on base; Tulsa 13 - Twinsburg 11
Tuesday, January 5th, 2021 - OOTP Baseball 20.8 Build 74